 Dungeon Crawl Stone Soup version 0.23.2-30-g0e89c35649 (webtiles) character file.

Game seed: 0

33526 Wilfredo the Cleaver (level 13, -10/174 HPs)
             Began as a Minotaur Fighter on Mar 18, 2019.
             Was the Champion of Cheibriados.
             Mangled by a snapping turtle (15 damage)
             ... on level 2 of the Shoals on June 12, 2019.
             The game lasted 02:06:36 (13055 turns).

Wilfredo the Cleaver (Minotaur Fighter)            Turns: 13055, Time: 02:06:38

Health: -10/174    AC: 26    Str: 34    XL:     13   Next: 37%
Magic:  4/4        EV:  2    Int: 23    God:    Cheibriados [******]
Gold:   130        SH: 16    Dex: 36    Spells: 8/12 levels left

rFire    . . .     SeeInvis +   y - +6 trident (antimagic)
rCold    . . .     Gourm    .   c - +0 shield
rNeg     + + +     Faith    .   (armour currently unavailable)
rPois    +         Spirit   .   (helmet currently unavailable)
rElec    .         Reflect  .   (cloak currently unavailable)
rCorr    .         Harm     .   (gloves currently unavailable)
MR       +....     NoTele   +   (boots currently unavailable)
Stlth    ++++......             (no amulet)
HPRegen  0.39/turn              H - ring "Taliext" {MR+ Dex+5}
MPRegen  0.09/turn              S - ring of Redanwetz {rPois Str-4 Int+3 Dex+3 SInv}

@: tree-form, slowed, studying Crossbows, very slow
A: (retaliatory headbutt)
a: Bend Time, Temporal Distortion, Slouch, Step From Time, Renounce Religion


You were on level 2 of the Shoals.
You worshipped Cheibriados.
Cheibriados was exalted by your worship.
You were not hungry.
You were a tree.
You visited 4 branches of the dungeon, and saw 15 of its levels.

You collected 809 gold pieces.
You spent 679 gold pieces at shops.

Inventory:

Hand Weapons
 u - a +1 flail of crushing
 v - a +3 trident of venom
 y - a +6 antimagic trident (weapon)
 F - a +2 broad axe
 G - a +1 hand crossbow of freezing
Missiles
 m - 14 bolts
 o - 5 tomahawks (quivered)
 A - 6 javelins
 K - 2 throwing nets
 M - 11 tomahawks of returning
Armour
 c - a +0 shield (worn)
 n - a +0 pair of boots (melded)
 r - a scarf of cloud immunity
 s - the +0 ring mail of Listlessness (melded) {rC+ rN+ Dex+4}
   (You found it on level 4 of the Dungeon)

   It affects your dexterity (+4).
   It protects you from cold.
   It protects you from negative energy.
 J - a +2 cloak (melded)
Jewellery
 a - an uncursed ring of fire
 H - the ring "Taliext" (left branch) {MR+ Dex+5}
   (You took it off a big kobold on level 7 of the Dungeon)

   [ring of protection from magic]

   It affects your dexterity (+5).
   It affects your resistance to hostile enchantments.
 S - the ring of Redanwetz (right branch) {rPois Str-4 Int+3 Dex+3 SInv}
   (You bought it in a shop on level 2 of the Shoals)

   [ring of intelligence]

   It affects your strength (-4).
   It affects your intelligence (+3).
   It affects your dexterity (+3).
   It protects you from poison.
   It lets you see invisible.
 X - an uncursed ring of positive energy
Wands
 q - a wand of disintegration (16)
 t - a wand of enslavement (9)
 w - a wand of iceblast (16)
 z - a wand of scattershot (7)
 B - a wand of polymorph (8)
 L - a wand of acid (9)
 V - a wand of paralysis (8)
Scrolls
 b - 2 scrolls of remove curse
 g - a scroll of fear
 p - a scroll of blinking
 C - 3 scrolls of teleportation
 D - a scroll of magic mapping {unknown}
 Q - a scroll of fog
 T - 2 scrolls of amnesia
 W - 2 scrolls of enchant armour {unknown}
Potions
 d - 3 potions of might
 i - 3 potions of lignification
 j - 3 potions of magic
 k - 4 potions of curing
 l - 2 potions of invisibility
 x - 4 potions of flight
 P - a potion of brilliance
 R - a potion of resistance
 Y - a potion of agility {unknown}
Books
 I - a manual of Crossbows
Miscellaneous
 e - a lamp of fire
 N - a crystal ball of energy
Comestibles
 f - 25 rations
 Z - 3 chunks of flesh


   Skills:
 + Level 11.2 Fighting
 + Level 14.6(15.3) Axes
 + Level 1.4(9.9) Maces & Flails
 + Level 8.3(12.4) Polearms
 + Level 6.8 Crossbows
 + Level 1.8 Throwing
 + Level 9.9 Armour
 + Level 6.9 Dodging
 + Level 5.0 Stealth
 + Level 12.0 Shields
 + Level 0.5 Evocations


You had 8 spell levels left.
You knew the following spells:

 Your Spells              Type           Power        Failure   Level  Hunger
a - Shroud of Golubria    Chrm/Tloc      #.........   34%         2    ###....
b - Throw Flame           Conj/Fire      #.....       34%         2    ###....

Your spell library contained the following spells:

 Spells                   Type           Power        Failure   Level  Hunger
 Swiftness                Chrm/Air       #.......     34%         2    ###....
 Ignite Poison            Fire/Tmut/Pois #.......     56%         3    ####...
 Regeneration             Chrm/Necr      #.........   56%         3    ####...
 Ignition                 Fire           #.........   100%        8    #######


Dungeon Overview and Level Annotations

Branches:
Dungeon (9/15)             Temple (1/1) D:7            Lair (3/6) D:9
 Shoals (2/4) Lair:3
  Snake: Lair:2-4    Spider: Lair:2-4       Orc: D:9-12

Altars:
Ashenzari
Cheibriados
Dithmenos
Elyvilon
Fedhas
Gozag
Hepliaklqana
Kikubaaqudgha
Makhleb
Nemelex Xobeh
Okawaru
Qazlal
Ru
Sif Muna
Trog
Uskayaw
Vehumet
Wu Jian
Xom
Yredelemnul
Zin
The Shining One

Shops:
D:4 }   D:5 :   D:7 %   D:8 :*   D:9 !   Shoals:2 =

Annotations:
Lair:2 2 runed translucent doors, Izuown's ghost, journeyman DEWz


Innate Abilities, Weirdness & Mutations

((You reflexively headbutt those who attack you in melee.))
((You have a pair of horns on your head.))


Message History

The merfolk siren is almost dead.
You block the faun's attack. You block the snapping turtle's attack.
The faun hits you but does no damage.
The merfolk siren falters for a moment.
The faun hits you but does no damage.
The snapping turtle bites you but does no damage.
You puncture the merfolk siren!
You are no longer entranced.
You kill the merfolk siren!
Cheibriados appreciates the change of pace.
You hear a splash.
Your Shields skill increases to level 12!
You block the faun's attack. x2; The faun hits you but does no damage.
The snapping turtle bites you but does no damage.
You hit the faun.
The faun's magic leaks into the air.
The faun is heavily wounded.
You block the faun's attack.
The faun splashes around in the water.
The faun hits you with a +0 spear.
* * * LOW HITPOINT WARNING * * *
The snapping turtle bites you from afar!
You die...

.# #..≈≈≈≈≈≈≈≈≈≈≈≈≈≈≈≈
.###...(≈≈≈≈≈≈≈≈≈≈≈≈≈≈
###...≈≈≈.≈≈≈≈≈≈≈≈≈≈≈≈
#....≈≈.≈≈≈.#...≈≈≈≈
##..#....≈(†##...≈≈≈≈
#.......≈≈≈(.....#
#.......≈≈≈≈((..(#
..<≈≈..≈≈≈≈..≈.c.#
.≈≈≈≈≈≈≈≈≈≈≈≈≈tc♣#
≈≈≈≈≈≈≈≈≈≈≈≈≈≈≈c).....#
≈≈≈≈≈≈≈≈≈≈≈≈≈≈≈≈≈≈≈≈≈≈..
≈≈≈≈≈≈≈≈≈≈≈≈≈≈≈...>≈≈≈≈≈
≈≈≈≈≈≈≈≈≈≈≈≈≈≈≈...≈≈≈≈≈≈
≈≈≈≈≈≈≈≈≈≈≈≈≈≈≈≈≈≈≈≈≈≈≈≈
≈≈≈≈≈≈≈≈≈≈≈≈≈≈≈≈≈≈≈≈≈≈≈≈
≈≈≈≈≈≈≈≈ ≈≈≈≈≈≈≈≈≈≈≈≈≈≈≈
≈≈≈≈≈≈≈


You could see a snapping turtle and 3 fauns.

Vanquished Creatures
  A merfolk impaler (Shoals:2)
  A hydra (Lair:3)
  Erica (D:8)
  2 merfolk avatars (Shoals:2)
  A merfolk aquamancer (Shoals:2)
  A death yak (Lair:2)
  2 sea snakes (Shoals:2)
  2 manticores (Shoals:2)
  4 harpies (Shoals:1)
  A cyclops (D:7)
  3 fauns (Shoals:2)
  A deep elf mage (D:7)
  4 merfolk sirens
  2 black mambas (Lair:2)
  9 spiny frogs
  Joseph (D:7)
  A rime drake (Lair:2)
  8 komodo dragons
  6 merfolk
  A wind drake (Shoals:2)
  5 blink frogs (Lair:2)
  5 hippogriffs
  2 snapping turtles (Shoals:2)
  4 water elementals (Shoals:2)
  21 yaks
  3 basilisks
  A hungry ghost (D:8)
  12 water moccasins
  3 orc warriors
  A sky beast (D:8)
  10 porcupines
  An ice beast (D:9)
  A black bear (D:9)
  2 necrophages
  A phantom (D:6)
  An eye of draining (D:7)
  10 wolves
  4 ogres
  5 centaurs
  4 crocodiles
  2 big kobolds (D:7)
  6 bullfrogs
  2 scorpions
  5 killer bees (D:9)
  14 wights
  3 howler monkeys
  5 crimson imps
  2 hounds
  3 bullfrog skeletons
  A centaur skeleton (D:7)
  A gnoll shaman (D:5)
  7 orc priests
  3 jellies
  13 orc wizards
  2 iguanas
  Ijyb (D:5)
  10 worker ants
  A hound zombie (D:7)
  A hound skeleton (D:5)
  A worker ant zombie (D:7)
  A howler monkey zombie (D:8)
  7 gnolls
  22 adders
  3 shadow imps
  An ooze (D:2)
  An adder zombie (D:7)
  5 dart slugs
  A leopard gecko (D:4)
  46 orcs
  2 ball pythons
  17 bats
  6 giant cockroaches
  13 goblins
  6 hobgoblins
  11 jackals
  3 quokkas
  5 frilled lizards
  8 kobolds
  A leopard gecko skeleton (D:5)
  5 rats
395 creatures vanquished.

Vanquished Creatures (others)
  11 fungi
  4 plants (Lair:3)
15 creatures vanquished.

Grand Total: 410 creatures vanquished

Notes
Turn   | Place    | Note
-------+----------+-------------------------------------------
     0 | D:1      | Wilfredo the Minotaur Fighter began the quest for the Orb.
     0 | D:1      | Reached XP level 1. HP: 19/19 MP: 0/0
   226 | D:1      | Reached XP level 2. HP: 25/27 MP: 1/1
   389 | D:1      | Upgraded the game from 0.23.1 to 0.23.2-30-g0e89c35649
   621 | D:1      | Reached XP level 3. HP: 33/33 MP: 2/2
   743 | D:2      | Reached skill level 3 in Axes
   874 | D:2      | Found a snail-covered altar of Cheibriados.
   895 | D:2      | Reached skill level 1 in Dodging
   923 | D:2      | Reached XP level 4. HP: 32/40 MP: 3/3
  1008 | D:2      | Became a worshipper of Cheibriados the Contemplative
  1047 | D:2      | Found a blossoming altar of Fedhas.
  1120 | D:2      | Reached skill level 1 in Throwing
  1335 | D:2      | Reached * piety under Cheibriados
  1335 | D:2      | Reached XP level 5. HP: 21/47 MP: 4/4
  1830 | D:3      | Reached skill level 4 in Axes
  2055 | D:3      | Found a shattered altar of Ashenzari.
  2143 | D:3      | Reached XP level 6. HP: 53/53 MP: 5/5
  2462 | D:4      | Found a shadowy altar of Dithmenos.
  2474 | D:4      | Got a spiked ring mail
  2485 | D:4      | Identified the cursed +0 ring mail of Listlessness {rC+ rN+
                  | Dex+4} (You found it on level 4 of the Dungeon)
  2489 | D:4      | Reached skill level 1 in Stealth
  2519 | D:4      | Reached skill level 5 in Axes
  2524 | D:4      | Reached skill level 5 in Armour
  2525 | D:4      | Reached ** piety under Cheibriados
  2533 | D:4      | Reached skill level 5 in Fighting
  2652 | D:4      | Found Zowudaw's Gadget Shop.
  2821 | D:4      | Reached XP level 7. HP: 53/61 MP: 6/6
  2952 | D:4      | Found a stormy altar of Qazlal.
  3149 | D:4      | Reached skill level 6 in Axes
  3149 | D:4      | Reached skill level 5 in Shields
  3363 | D:4      | Bought a wand of enslavement (10) for 144 gold pieces
  3377 | D:5      | Entered Level 5 of the Dungeon
  3631 | D:5      | Noticed Ijyb
  3653 | D:5      | Killed Ijyb
  3676 | D:5      | Reached *** piety under Cheibriados
  3817 | D:5      | Found Joging Byta's Book Emporium.
  3893 | D:5      | Reached skill level 1 in Polearms
  3895 | D:5      | Reached XP level 8. HP: 69/69 MP: 7/7
  4523 | D:6      | Found a sacrificial altar of Ru.
  4523 | D:6      | Found a sparkling altar of Nemelex Xobeh.
  4523 | D:6      | Found a burning altar of Makhleb.
  4523 | D:6      | Found an ornate altar of the Wu Jian Council.
  4530 | D:6      | Found a glowing golden altar of the Shining One.
  4530 | D:6      | Found a white marble altar of Elyvilon.
  4942 | D:7      | Noticed a hippogriff
  4948 | D:7      | Killed a hippogriff
  4955 | D:7      | Reached skill level 5 in Polearms
  4955 | D:7      | Reached XP level 9. HP: 71/77 MP: 8/8
  4996 | D:7      | Identified the ring "Taliext" {MR+ Dex+5}
  5009 | D:7      | Identified the Guide on Scorching Protection
  5026 | D:7      | Noticed a cyclops
  5038 | D:7      | Killed a cyclops
  5043 | D:7      | Reached **** piety under Cheibriados
  5181 | D:7      | Found a staircase to the Ecumenical Temple.
  5196 | D:7      | Noticed Joseph
  5209 | D:7      | Killed Joseph
  5277 | Temple   | Entered the Ecumenical Temple
  5528 | D:7      | Identified a +0 pair of boots of running (You found it on
                  | level 7 of the Dungeon)
  5656 | D:7      | Reached skill level 1 in Crossbows
  5828 | D:7      | Found Lupookk's Food Shoppe.
  5888 | D:7      | Reached ***** piety under Cheibriados
  5977 | D:7      | Reached skill level 7 in Axes
  5983 | D:7      | Reached XP level 10. HP: 86/86 MP: 1/9
  5989 | D:7      | Noticed a deep elf mage
  5995 | D:7      | Noticed an orange demon
  5996 | D:7      | Killed a deep elf mage
  6086 | D:7      | Learned a level 2 spell: Shroud of Golubria
  6106 | D:7      | Got a bloodstained helmet
  6257 | D:8      | Found Haerigor's Book Emporium.
  6281 | D:8      | Noticed Erica
  6288 | D:8      | Killed Erica
  6288 | D:8      | Reached skill level 8 in Axes
  6641 | D:8      | Found Segioruw's Assorted Antiques.
  6734 | D:8      | Reached skill level 5 in Crossbows
  6842 | D:8      | Learned a level 2 spell: Throw Flame
  7234 | D:9      | Reached skill level 5 in Dodging
  7241 | D:9      | Reached skill level 9 in Axes
  7334 | D:9      | Found Fuuleu's Distillery.
  7350 | D:9      | Bought a potion of curing for 42 gold pieces
  7615 | D:9      | Found a staircase to the Lair.
  7633 | D:9      | Reached ****** piety under Cheibriados
  7898 | Lair:1   | Entered Level 1 of the Lair of Beasts
  7898 | Lair:1   | Noticed a spiny frog
  7903 | Lair:1   | Killed a spiny frog
  7907 | Lair:1   | Reached XP level 11. HP: 70/95 MP: 10/10
  8175 | Lair:1   | Reached skill level 10 in Axes
  8443 | Lair:1   | Found an ornate altar of the Wu Jian Council.
  8739 | Lair:1   | Reached skill level 11 in Axes
  9302 | Lair:2   | Noticed a death yak
  9675 | Lair:2   | Reached skill level 12 in Axes
  9717 | Lair:2   | Reached skill level 10 in Shields
  9731 | Lair:2   | Reached XP level 12. HP: 34/106 MP: 11/11
 10236 | Lair:2   | Killed a death yak
 10507 | Lair:2   | Found a large runed translucent door.
 10510 | Lair:2   | Found a large runed translucent door.
 10510 | Lair:2   | Noticed Izuown's ghost (journeyman DEWz)
 10807 | Lair:3   | Reached skill level 10 in Fighting
 10950 | Lair:3   | Noticed a five-headed hydra
 10961 | Lair:3   | Killed a five-headed hydra
 10961 | Lair:3   | Reached skill level 13 in Axes
 11117 | Lair:3   | Reached skill level 1 in Maces & Flails
 11594 | Lair:3   | Found a staircase to the Shoals.
 11641 | Shoals:1 | Entered Level 1 of the Shoals
 11799 | Shoals:2 | Found Nakaq's Jewellery Emporium.
 11804 | Shoals:2 | Noticed a merfolk avatar
 11823 | Shoals:2 | Killed a merfolk avatar
 11826 | Shoals:2 | Bought the ring of Redanwetz {rPois Str-4 Int+3 Dex+3 SInv}
                  | for 493 gold pieces
 12084 | Shoals:2 | Noticed a merfolk aquamancer
 12093 | Shoals:2 | Killed a merfolk aquamancer
 12100 | Shoals:2 | Reached XP level 13. HP: 56/115 MP: 12/12
 12328 | Shoals:2 | Noticed a merfolk impaler
 12365 | Shoals:2 | Reached skill level 14 in Axes
 12368 | Shoals:2 | Reached skill level 5 in Stealth
 12386 | Shoals:2 | Killed a merfolk impaler
 13055 | Shoals:2 | HP: 5/174 [faun/+0 spear (6)]
 13055 | Shoals:2 | Mangled by a snapping turtle

Skill      XL: |  1  2  3  4  5  6  7  8  9 10 11 12 13 |
---------------+----------------------------------------+-----
Fighting       | 4 5 6 7 8 9 10 11 | 11.2
Armour         | 4 5 6 7 8 9 |  9.9
Axes           | 3 4 5 6 7 9 12 13 14 | 14.6
Dodging        | 1 2 3 4 5 6 |  6.9
Shields        | 4 5 6 8 10 11 12 | 12.0
Throwing       | 1 |  1.8
Stealth        | 1 2 3 4 5 |  5.0
Polearms       | 1 5 8 |  8.3
Crossbows      | 3 6 |  6.8
Maces & Flails | 1 |  1.4
Evocations     | |  0.5

Action                   |  1- 3 |  4- 6 |  7- 9 | 10-12 | 13-15 || total
-------------------------+-------+-------+-------+-------+-------++-------
Melee: War axe           |    99 |   130 |    26 |    86 |       ||   341
       Headbutt          |    10 |    26 |    82 |   135 |    29 ||   282
       Trident           |       |       |   203 |     8 |    15 ||   226
       Broad axe         |       |       |       |   308 |    81 ||   389
       Flail             |       |       |       |     4 |       ||     4
 Fire: Hand crossbow     |       |       |    11 |    40 |       ||    51
Throw: Stone             |    36 |     8 |     9 |     8 |       ||    61
Evoke: Wand              |       |       |       |       |     5 ||     5
  Use: Scroll            |     5 |     2 |     6 |    11 |       ||    24
       Potion            |       |       |     3 |     1 |     7 ||    11
 Stab: Distracted        |       |       |     1 |     3 |       ||     4
       Sleeping          |       |       |       |     6 |       ||     6
  Eat: Chunk             |       |     4 |     4 |     6 |     1 ||    15
       Ration            |       |       |     1 |     1 |       ||     2
Armor: Scale mail        |    50 |    40 |       |       |       ||    90
       Ring mail         |       |    15 |    51 |    57 |    25 ||   148
       Skin              |       |       |       |       |     6 ||     6
Dodge: Dodged            |    38 |    51 |   100 |   185 |    40 ||   414
Block: Shield            |    67 |    61 |   143 |   326 |    99 ||   696
